 Dungeon Crawl Stone Soup version 0.23.2-30-g0e89c35 (webtiles) character file.

Game seed: 8938036943028414633

196 Fortress the Firebug (level 5, -3/38 HPs)
             Began as a Draconian Fire Elementalist on June 18, 2019.
             Killed from afar by an orc wizard (14 damage)
             ... with a puff of flame
             ... on level 4 of the Dungeon.
             The game lasted 00:16:16 (3805 turns).

Fortress the Firebug (Draconian Fire Elementalist)  Turns: 3805, Time: 00:16:16

Health: -3/38      AC:  6    Str: 10    XL:     5   Next: 46%
Magic:  1/10       EV: 12    Int: 16    God:
Gold:   210        SH:  0    Dex: 12    Spells: 9/10 levels left

rFire    . . .     SeeInvis .   k - +0 short sword
rCold    . . .     Gourm    .   (no shield)
rNeg     . . .     Faith    .   (armour unavailable)
rPois    .         Spirit   .   (helmet restricted)
rElec    .         Reflect  .   (no cloak)
rCorr    .         Harm     +   j - +0 pair of gloves
MR       .....                  (no boots)
Stlth    ++........             e - amulet of harm
HPRegen  0.12/turn              f - ring of wizardry
MPRegen  0.12/turn              (no ring)

@: very slightly contaminated
A: unfitting armour, cold-blooded, AC +5
a: no special abilities


You were on level 4 of the Dungeon.
You were very hungry.

You visited 1 branch of the dungeon, and saw 4 of its levels.

You collected 210 gold pieces.

Inventory:

Hand Weapons
 k - a +0 short sword (weapon)
 u - a +1 blowgun
Missiles
 d - 44 stones (quivered)
 h - 16 sling bullets
 s - 7 poisoned needles
Armour
 j - a +0 pair of gloves (worn)
Jewellery
 e - an amulet of harm (around neck)
 f - a ring of wizardry (left hand)
Scrolls
 c - a scroll of blinking
 i - a scroll of identify
 p - 2 scrolls of remove curse
Potions
 a - 2 potions of flight
 g - 2 potions of curing
 m - 2 potions of agility
 q - a potion of berserk rage {unknown}
 t - a potion of magic {unknown}
Comestibles
 b - 7 rations


   Skills:
 - Level 2.0 Dodging
 - Level 2.0 Stealth
 + Level 3.4 Spellcasting
 + Level 2.7 Conjurations
 + Level 4.4 Fire Magic


You had 9 spell levels left.
You knew the following spells:

 Your Spells              Type           Power        Failure   Level  Hunger
a - Flame Tongue          Conj/Fire      ##...        1%          1    None

Your spell library contained the following spells:

 Spells                   Type           Power        Failure   Level  Hunger
 Throw Flame              Conj/Fire      ##....       2%          2    ##.....
 Conjure Flame            Conj/Fire      ##......     4%          3    ###....
 Inner Flame              Hex/Fire       #.......     9%          3    ###....
 Sticky Flame             Conj/Fire      ##......     16%         4    ####...
 Fireball                 Conj/Fire      ##........   41%         5    ######.


Dungeon Overview and Level Annotations

Branches:
Dungeon (4/15)             Temple (0/1) D:4

Altars:
Okawaru

Annotations:
D:3 3 runed translucent doors, reptisaurus's ghost, amateur OgEn


Innate Abilities, Weirdness & Mutations

Your plain brown scales are hard. (AC +5)
You cannot fit into any form of body armour.
You are cold-blooded and may be slowed by cold attacks.


Message History

Press: ? - help, Shift-Dir - straight line, f/p - orc wizard
Aim: an orc wizard, wielding a +0 dagger and wearing a +0 robe (heavily wounded, fast)
The flame tongue hits the orc wizard but does no damage.
The orc wizard is heavily wounded.
The orc wizard hits you but does no damage.
Casting: Flame Tongue (safe; 1% risk of failure)
Confirm with . or Enter, or press ? or * to list all spells.
Aiming: Flame Tongue (safe; 1% risk of failure)
Press: ? - help, Shift-Dir - straight line, f/p - orc wizard
Aim: an orc wizard, wielding a +0 dagger and wearing a +0 robe (heavily wounded, fast)
The flame tongue hits the orc wizard.
The orc wizard is severely wounded.
The orc wizard hits you with a +0 dagger.
The orc wizard casts a cantrip, but nothing happens.
The orc wizard hits you with a +0 dagger.
* * * LOW HITPOINT WARNING * * *
There is a staircase to the Ecumenical Temple, spattered with blood here.
The orc wizard casts a spell at you. The puff of flame hits you!
You die...

##.# ### oo.#
...##.#.#
#.#.... ...#)# .
###)# #
...###...##.##
#....oo..#..#
....##..@..##...
.#...#..w.....#.
..#.##...###...
... #.### .. ...
#.#.. # ..#
....## .# .# ..
.#


You could see a worm, an orc wizard and an orc.

Vanquished Creatures
  A crimson imp (D:3)
  An orc priest (D:4)
  A worker ant (D:4)
  3 adders
  2 oozes (D:2)
  3 worms (D:2)
  2 dart slugs
  A leopard gecko (D:3)
  4 orcs
  A ball python (D:2)
  3 giant cockroaches
  5 goblins
  5 hobgoblins
  8 jackals
  4 kobolds
  4 bats
  3 frilled lizards
  5 rats
56 creatures vanquished.

Notes
Turn   | Place    | Note
-------+----------+-------------------------------------------
     0 | D:1      | Fortress the Draconian Fire Elementalist began the quest
                  | for the Orb.
     0 | D:1      | Reached XP level 1. HP: 14/14 MP: 3/3
   275 | D:1      | Reached XP level 2. HP: 5/20 MP: 0/5
  1010 | D:2      | Reached XP level 3. HP: 26/26 MP: 3/6
  1717 | D:2      | Reached XP level 4. HP: 33/33 MP: 3/8
  1982 | D:3      | Reached skill level 4 in Fire Magic
  3406 | D:3      | Found a runed translucent gate.
  3413 | D:3      | Found a runed translucent gate.
  3413 | D:3      | Found a runed translucent gate.
  3413 | D:3      | Noticed reptisaurus's ghost (amateur OgEn)
  3529 | D:3      | Found an iron altar of Okawaru.
  3712 | D:4      | Reached XP level 5. HP: 38/38 MP: 5/9
  3792 | D:4      | Found a staircase to the Ecumenical Temple.
  3805 | D:4      | Killed from afar by an orc wizard

Skill      XL: |  1  2  3  4 |
---------------+-------------+-----
Dodging        | 2 |  2.0
Stealth        | 2 |  2.0
Fire Magic     | 4 |  4.4
Conjurations   | 2 |  2.7
Spellcasting   | 3 |  3.4

Action                   |  1- 3 |  4- 6 || total
-------------------------+-------+-------++-------
Melee: Unarmed           |    26 |       ||    26
       Tailslap          |     1 |     9 ||    10
       Short sword       |     2 |   199 ||   201
 Fire: Blowgun           |       |    29 ||    29
Throw: Stone             |       |     5 ||     5
 Cast: Flame Tongue      |    70 |    44 ||   114
  Use: Scroll            |       |     9 ||     9
  Eat: Chunk             |     3 |     3 ||     6
       Ration            |       |     1 ||     1
Armor: Skin              |    11 |    94 ||   105
Dodge: Dodged            |    34 |   128 ||   162
